 Dungeon Crawl Stone Soup version 0.31-a0-960-g0fca184906 (webtiles) character file.

Game seed: 16564367791491130822

350 gelatine the Ruffian (level 6, 0/38 HPs)
             Began as an Octopode Shapeshifter on Oct 23, 2023.
             Slain by a gnoll
             ... wielding a +0 spear
              (6 damage)
             ... on level 4 of the Dungeon.
             The game lasted 00:07:14 (3031 turns).

gelatine the Ruffian (Octopode Shapeshifter)        Turns: 3031, Time: 00:07:14

Health: 0/38       AC:  1    Str: 15    XL:     6   Next: 60%
Magic:  0/6        EV: 14    Int: 13    God:
Gold:   246        SH:  0    Dex: 17    Spells: 5/5 levels left

rFire   . . .        m - +3 hand axe
rCold   . . .        (no shield)
rNeg    . . .        (helmet currently unavailable)
rPois   .            t - amulet of guardian spirit
rElec   .            w - +6 ring of dexterity
rCorr   .            (no ring)
SInv    .            (no ring)
Will    .....        (no ring)
Stlth   ++++         (no ring)
HPRegen 0.26/turn    (no ring)
MPRegen 0.10/turn    (no ring)
                     (no ring)

%: guardian spirit
@: beast-form, attractive
A: beast (slay +2), almost no armour, amphibious, 8 rings, camouflage 1,
gelatinous body 1, (nimble swimmer 1), tentacles
a: Begin Untransformation


You were on level 4 of the Dungeon.
You were a hulking beast.
You visited 1 branch of the dungeon, and saw 4 of its levels.

You collected 246 gold pieces.

Inventory:

Hand Weapons
 m - a +3 hand axe (weapon)
Missiles
 f - 7 stones (quivered)
 u - 5 poisoned darts
Jewellery
 p - an amulet of the acrobat
 t - an amulet of guardian spirit (around mantle)
 w - a +6 ring of dexterity (left tentacle)
Talismans
 b - a beast talisman
 c - a flux talisman
Scrolls
 d - a scroll of vulnerability {unknown}
 g - 2 scrolls of revelation {unknown}
 h - 2 scrolls of teleportation {unknown}
 i - a scroll of amnesia {unknown}
 j - a scroll of enchant weapon {unknown}
 n - 4 scrolls of identify {unknown}
Potions
 k - 3 potions of curing {unknown}
 l - 2 potions of ambrosia {unknown}
 o - 2 potions of heal wounds {unknown}
 q - 3 potions of degeneration {unknown}
 r - a potion of mutation {unknown}
 s - 2 potions of enlightenment {unknown}
 v - a potion of haste {unknown}
 x - a potion of berserk rage {unknown}
 z - a potion of might {unknown}


   Skills:
 + Level 1.5 Fighting
 + Level 2.7 Axes
 + Level 1.0 Throwing
 + Level 2.7 Dodging
 + Level 4.0 Stealth
 + Level 4.1 Unarmed Combat
 + Level 3.9 Shapeshifting


You had 5 spell levels left.
You didn't know any spells.
Your spell library contained the following spells:

 Spells                   Type           Power      Damage    Failure   Level
 Volatile Blastmotes      Fire/Tloc      0%         2d10      67%         3
 Fulminant Prism          Conj/Hex       0%         3d5       97%         4
 Iskenderun's Mystic Bla  Conj/Tloc      0%         2d3       97%         4


Dungeon Overview and Level Annotations

Branches:
Dungeon (4/15)
 Temple: D:4-7

Altars:
Kikubaaqudgha
Sif Muna


Innate Abilities, Weirdness & Mutations

You are a hulking beast.
Your limbs bulge with bestial killing power. (Slay +2)
You cannot wear most types of armour.
You are amphibious.
You can wear up to eight rings at the same time.
Your skin changes colour to match your surroundings (Stealth+).
Your rubbery body absorbs attacks. (AC +1, EV +1)
((You are camouflaged when in or above water. (Stealth+)))
You have tentacles for arms and can constrict up to eight enemies at once.


Message History

You throw a stone. The stone closely misses the gnoll.
The gnoll hits you from afar with a +0 spear.
* * * LOW HITPOINT WARNING * * *
Throw: 6 darts (poison)
Press: ? - help, Shift-Dir - straight line, f/p - gnoll
Aim: a gnoll, wielding a +0 spear (moderately wounded, poisoned, 60% to hit)
You throw a poisoned dart. The poisoned dart hits the gnoll.
The gnoll looks even sicker.
The gnoll is moderately wounded.
The gnoll hits you but does no damage.
Throw: 11 stones
Press: ? - help, Q - select action, (/) - cycle Shift-Dir - straight line, f/p - gnoll
Aim: a gnoll, wielding a +0 spear (moderately wounded, very poisoned, 60% to hit)
You throw a stone.
The stone hits the gnoll but does no damage.
The gnoll is moderately wounded.
The gnoll hits you but does no damage.
Throw: 10 stones
Press: ? - help, Q - select action, (/) - cycle Shift-Dir - straight line, f/p - gnoll
Aim: a gnoll, wielding a +0 spear (moderately wounded, very poisoned, 60% to hit)
You throw a stone. The stone hits the gnoll.
The gnoll is moderately wounded.
The gnoll hits you but does no damage. x2
Throw: 9 stones
Press: ? - help, Q - select action, (/) - cycle Shift-Dir - straight line, f/p - gnoll
Aim: a gnoll, wielding a +0 spear (moderately wounded, very poisoned, 60% to hit)
You throw a stone.
The stone hits the gnoll but does no damage.
The gnoll is moderately wounded.
The gnoll barely misses you.
Throw: 8 stones
Press: ? - help, Q - select action, (/) - cycle Shift-Dir - straight line, f/p - gnoll
Aim: a gnoll, wielding a +0 spear (moderately wounded, very poisoned, 60% to hit)
You throw a stone. The stone barely misses the gnoll.
The gnoll hits you but does no damage.
It was a potion of attraction.
You feel attractive to monsters.
You feel less wooden.
You turn into a hulking beast.
The gnoll hits you from afar with a +0 spear!
You die...

## .#### ## # ....####.#
###.# ......##.. ###...#
.......##.#####...#
.......##..##...h#
.......###.....##)g....#
.........#...### .......
...........### .......
...........# ......(
...........# .......
..........## .......
..........# .......
.........##


You could see a gnoll (poisoned).

Vanquished Creatures
  3 hounds
  An orc priest (D:4)
  A sleepcap (D:4)
  10 adders
  2 gnolls (D:4)
  A dart slug (D:1)
  7 orcs
  9 endoplasms
  3 giant cockroaches
  9 goblins
  8 hobgoblins
  2 jackals (D:4)
  2 quokkas
  7 ball pythons
  2 bats
  6 frilled lizards
  9 kobolds
  13 rats
95 creatures vanquished.

Notes
Turn   | Place    | Note
-------+----------+-------------------------------------------
     0 | D:1      | gelatine the Octopode Shapeshifter began the quest for the
                  | Orb.
     0 | D:1      | Reached XP level 1. HP: 13/13 MP: 1/1
   108 | D:1      | Found a faded altar of an unknown god.
   131 | D:1      | Reached XP level 2. HP: 18/18 MP: 2/2
   453 | D:1      | Reached XP level 3. HP: 17/23 MP: 3/3
   872 | D:2      | Found an ancient bone altar of Kikubaaqudgha.
  1110 | D:2      | Reached skill level 1 in Stealth
  1333 | D:2      | Reached XP level 4. HP: 26/28 MP: 4/4
  1685 | D:3      | Found a shimmering blue altar of Sif Muna.
  1832 | D:3      | Reached XP level 5. HP: 25/33 MP: 5/5
  2059 | D:3      | Reached skill level 1 in Axes
  2712 | D:4      | Reached XP level 6. HP: 32/38 MP: 4/6
  2833 | D:4      | Reached skill level 1 in Throwing
  3031 | D:4      | Slain by a gnoll

Illustrated notes

Levels and vault maps discovered:
D:1:      dpeg_arrival_ratfight, layout_basic,
          hellmonk_ecumenical_altar_lost_god
D:2:      layout_loops_ring, basic_altar, minmay_divided_ellipse
D:3:      minmay_bubble_buster, layout_basic, general_overflow_altar
D:4:      layout_cave_pods

Skill      XL: |  1  2  3  4  5  6 |
---------------+-------------------+-----
Stealth        | 1 2 3 4 |  4.0
Unarmed Combat | 4 |  4.1
Axes           | 2 |  2.7
Throwing       | 1 |  1.0
Fighting       | |  1.5
Dodging        | |  2.7
Shapeshifting  | |  3.9

Action                     |  1- 3 |  4- 6 || total
---------------------------+-------+-------++-------
  Melee: Unarmed           |    42 |       ||    42
         Constrict         |    10 |    25 ||    35
         Tentacles         |     7 |    16 ||    23
         Hand axe          |    26 |    99 ||   125
         Punch             |       |     1 ||     1
  Throw: Stone             |     1 |    36 ||    37
         Dart              |       |     5 ||     5
    Use: Potion            |       |     2 ||     2
   Stab: Sleeping          |     8 |     9 ||    17
 Armour: Skin              |    22 |    83 ||   105
  Dodge: Dodged            |    34 |    62 ||    96

Table legend: (Time is in decaauts)
 A = Elapsed time spent in this place.
 B = Non-inter-level travel time spent in this place.
 C = Inter-level travel time spent in this place.
 D = Time resting spent in this place.
 E = Time spent auto-exploring this place.
 F = Levels seen in this place.
 G = Mean time per level.
                   A        B        C        D        E       F      G
               +--------+--------+--------+--------+--------+-----+--------+
         Total |   3059 |   2969 |     90 |      0 |   2335 |   4 |  764.8 |
       Dungeon |   3059 |   2969 |     90 |      0 |   2335 |   4 |  764.8 |
               +--------+--------+--------+--------+--------+-----+--------+

Top non-repeatable levels by time:
     D:1: 857 daAuts
     D:2: 809 daAuts
     D:3: 765 daAuts
     D:4: 625 daAuts
